 Dungeon Crawl Stone Soup version 0.31.0-32-g396128a36d (webtiles) character file.

Game seed: 17092988148816517316

384 GeoRichter the Insei (level 6, -2/43 HPs)
             Began as a Merfolk Shapeshifter on Mar 9, 2024.
             Was an Initiate of Wu Jian.
             Slain by an orc priest
             ... wielding a +0 whip
              (6 damage)
             ... on level 3 of the Dungeon.
             The game lasted 00:04:48 (2723 turns).

GeoRichter the Insei (Merfolk Shapeshifter)         Turns: 2723, Time: 00:04:49

Health: -2/43      AC:  5    Str: 14    XL:     6   Next: 77%
Magic:  6/6        EV: 11    Int:  9    God:    Wu Jian [......]
Gold:   10         SH:  0    Dex: 16    Spells: 5/5 levels left

rFire   . . .        b - +2 dagger (venom)
rCold   . . .        (no shield)
rNeg    . . .        j - +0 ring mail
rPois   .            (helmet currently unavailable)
rElec   .            (cloak currently unavailable)
rCorr   .            (gloves currently unavailable)
SInv    +            (boots currently unavailable)
Will    .....        (no amulet)
Stlth   +            w - ring of see invisible
HPRegen 0.27/turn    (no ring)
MPRegen 0.10/turn

%: no passive effects
@: beast-form
A: beast (slay +2), (nimble swimmer 2), mertail
a: Begin Untransformation, Renounce Religion


You were on level 3 of the Dungeon.
You worshipped Wu Jian.
Wu Jian was noncommittal.
You were a hulking beast.
You visited 1 branch of the dungeon, and saw 3 of its levels.

You collected 120 gold pieces.
You spent 110 gold pieces at shops.

Inventory:

Hand Weapons
 b - a +2 dagger of venom (weapon)
   (You took it off a goblin on level 1 of the Dungeon)
 s - the +3 mace of the Walnut {venom, rF- Str+2 Int+5}
   (You found it on level 2 of the Dungeon)

   Str+2:     It affects your strength (+2).
   Int+5:     It affects your intelligence (+5).
   rF-:       It makes you vulnerable to fire.
Armour
 j - a +0 ring mail (worn)
   (You found it on level 1 of the Dungeon)
Jewellery
 w - a ring of see invisible (left hand)
   (You found it on level 3 of the Dungeon)
Talismans
 c - a beast talisman
 d - a flux talisman
Wands
 u - a wand of flame (16)
   (You found it on level 3 of the Dungeon)
 v - a wand of polymorph (8)
   (You took it off Natasha on level 3 of the Dungeon)
Scrolls
 e - a scroll of teleportation {unknown}
 f - a scroll of poison {!r}
 g - a scroll of fear
 h - a scroll of immolation {unknown}
 i - 3 scrolls of revelation {unknown}
 k - a scroll of brand weapon {unknown}
 l - a scroll of enchant armour {unknown}
 o - a scroll of identify {unknown}
 p - 2 scrolls of torment {unknown}
Potions
 a - 2 potions of curing {unknown}
 m - 2 potions of lignification {!q}
 n - a potion of brilliance {unknown}
 q - a potion of enlightenment {unknown}
 r - a potion of heal wounds {unknown}
 t - a potion of haste {@q3}


   Skills:
 + Level 1.6 Fighting
 - Level 2.6 Dodging
 * Level 7.9 Unarmed Combat
 + Level 4.2 Shapeshifting


You had 5 spell levels left.
You didn't know any spells.
Your spell library contained the following spells:

 Spells                   Type           Power      Damage    Failure   Level
 Magic Dart               Conj           0%         1d3       63%         1
 Blink                    Tloc           0%         N/A       77%         2
 Call Imp                 Summ           0%         N/A       77%         2
 Dazzling Flash           Conj/Hex       0%         N/A       94%         3
 Mephitic Cloud           Conj/Alch/Air  0%         N/A       94%         3
 Tukima's Dance           Hex            0%         N/A       94%         3
 Dimensional Bullseye     Hex/Tloc       0%         N/A       100%        4
 Iskenderun's Mystic Bla  Conj/Tloc      0%         2d3       100%        4
 Curse of Agony           Necr           0%         N/A       100%        5
 Silence                  Hex/Air        0%         N/A       100%        5


Dungeon Overview and Level Annotations

Branches:
Dungeon (3/15) Zot: 15271

Altars:
Wu Jian

Shops:
D:1 *   D:3 ?


Innate Abilities, Weirdness & Mutations

You are a hulking beast.
Your limbs bulge with bestial killing power. (Slay +2)
((You are very nimble when in or above water. (Stealth+, EV+, Speed+++)))
Your lower body shifts to a powerful aquatic tail in water.


Message History

You lunge at the orc wizard.
You hit the orc wizard.
The orc wizard is poisoned.
The orc wizard is moderately wounded.
The orc wizard closely misses you.
You hit the orc wizard.
The orc wizard looks as sick as possible!
The orc wizard is heavily wounded.
The orc wizard completely misses you.
You closely miss the orc wizard.
The orc wizard is heavily wounded.
The orc wizard points at you and mumbles some strange words.
You resist with some effort.
You barely miss the orc wizard.
The orc wizard is almost dead.
You kill the orc wizard!
The Council accepts your kill. The orc hits you with a +0 club.
You hit the orc priest.
The orc priest is lightly wounded.
The orc hits you with a +0 club.
* * * LOW HITPOINT WARNING * * *
The orc priest hits you but does no damage.
You closely miss the orc priest.
The orc priest is lightly wounded.
The orc priest hits you with a +0 whip.
* * * LOW HITPOINT WARNING * * *
The orc throws a boomerang.
The boomerang closely misses you.
You hit the orc priest but do no damage.
The orc priest is lightly wounded.
The orc barely misses you. The orc priest hits you with a +0 whip.
* * * LOW HITPOINT WARNING * * *
The orc throws a boomerang.
The boomerang hits you.
* * * LOW HITPOINT WARNING * * *
You hit the orc priest but do no damage.
The orc priest is poisoned.
Your punch misses the orc priest.
The orc priest is lightly wounded.
The orc hits you with a +0 club.
* * * LOW HITPOINT WARNING * * *
The orc priest hits you with a +0 whip.
* * * LOW HITPOINT WARNING * * *
You hit the orc priest but do no damage.
The orc priest looks as sick as possible!
The orc priest is moderately wounded.
The orc barely misses you. The orc priest hits you with a +0 whip.
* * * LOW HITPOINT WARNING * * *
The orc barely misses you.
You closely miss the orc priest.
The orc priest is severely wounded.
The orc closely misses you. The orc priest hits you with a +0 whip.
You die...

##########.....#######.# #
#......# #.# #
#......#######.#
#########..............#
'......>#.#..###########
#######.#.#..###.......#
#######.#.#...##..####.#
+.......#.#.#..oo.####.#
#######.#.#.##.oh∩...#.#####
#............####....#.....#
........#....## #..#######.#
........#...(.# #..##....#.#
........#.....# ##.#####.#.#
........#.o(..# #.#
#.#.###### ........#.....#
#.# #.#.....<#
....##........# #.#
#....##### ....###.#...###
#.# ####.#


You could see an orc priest (extremely poisoned) and 2 orcs.

Vanquished Creatures
  Grinder (D:3)
  Natasha (thrice) (D:3)
  An orc wizard (D:3)
  4 adders
  A dart slug (D:2)
  6 ball pythons
  5 endoplasms
  A giant cockroach (D:1)
  A goblin (D:1)
  6 hobgoblins
  3 jackals (D:1)
  3 quokkas
  7 bats
  8 frilled lizards
  4 kobolds
  9 rats
63 creatures vanquished.

Notes
Turn   | Place    | Note
-------+----------+-------------------------------------------
     0 | D:1      | GeoRichter the Merfolk Shapeshifter began the quest for the
                  | Orb.
     0 | D:1      | Reached XP level 1. HP: 15/15 MP: 1/1
   176 | D:1      | Found Zusef's General Store.
   196 | D:1      | Reached XP level 2. HP: 3/21 MP: 2/2
   293 | D:1      | Found a faded altar of an unknown god.
   353 | D:1      | Reached skill level 4 in Unarmed Combat
   957 | D:2      | Reached XP level 3. HP: 26/26 MP: 3/3
  1208 | D:2      | Reached skill level 5 in Unarmed Combat
  1343 | D:2      | Reached XP level 4. HP: 32/32 MP: 4/4
  1621 | D:2      | Identified the +3 mace of the Walnut {venom, rF- Str+2
                  | Int+5}
  1931 | D:1      | Bought a potion of haste for 110 gold pieces
  2033 | D:3      | Noticed Natasha
  2039 | D:3      | Killed Natasha
  2083 | D:3      | Noticed Grinder
  2119 | D:3      | Killed Grinder
  2120 | D:3      | Reached skill level 7 in Unarmed Combat
  2120 | D:3      | Reached XP level 5. HP: 12/37 MP: 5/5
  2120 | D:3      | Reached XP level 6. HP: 13/43 MP: 6/6
  2133 | D:3      | Noticed Natasha
  2221 | D:3      | Killed Natasha
  2278 | D:3      | Noticed Natasha
  2289 | D:3      | Killed Natasha
  2376 | D:3      | Found an ornate altar of the Wu Jian Council.
  2441 | D:3      | Became a worshipper of the Wu Jian Council
  2482 | D:3      | Found Hiukym's Magic Scroll Boutique.
  2723 | D:3      | Slain by an orc priest

Illustrated notes

Levels and vault maps discovered:
D:1:      sevenhm_arrival_forest_fort_large_2, layout_basic, serial_shops,
          nicolae_shop_tiny_waterfront, ebering_ecumenical_altar_webs
D:2:      layout_basic, serial_aquarium, aquarium_bridge_straight
          [aquarium_subvault_bridge, aquarium_subvault_wall,
          aquarium_subvault_bridge, aquarium_subvault_wall],
          aquarium_window_fake, aquarium_window_corridor_3,
          aquarium_window_fake, aquarium_window_fake, aquarium_view_2c,
          aquarium_view_2e, aquarium_balcony_3b, hangedman_decor_points,
          nrook_campfire
D:3:      layout_basic, mainiacjoe_overflow_paths, serial_shops,
          nicolae_square_shop, fountainhead, uniq_natasha, uniq_grinder

Skill      XL: |  1  2  3  4 |
---------------+-------------+-----
Unarmed Combat | 4 5 7 |  7.9
Fighting       | |  1.6
Dodging        | |  2.6
Shapeshifting  | |  4.2

Action                     |  1- 3 |  4- 6 || total
---------------------------+-------+-------++-------
  Melee: Unarmed           |    26 |       ||    26
         Dagger            |    63 |    80 ||   143
         Punch             |     2 |     5 ||     7
Ability: Lunge             |       |     3 ||     3
    Use: Potion            |     1 |       ||     1
         Scroll            |     1 |     1 ||     2
 Armour: Animal skin       |    15 |       ||    15
         Skin              |     3 |       ||     3
         Ring mail         |    29 |    45 ||    74
  Dodge: Dodged            |    58 |    33 ||    91
